 Dungeon Crawl Stone Soup version 0.27-a0-660-g90476cec82 (webtiles) character file.

Game seed: 6475067993085483137

14 theanonym the Vexing (level 2, 0/21 HPs)
             Began as a Mummy Enchanter on Mar 16, 2021.
             Slain by a kobold
             ... wielding a +0 whip
              (3 damage)
             ... on level 1 of the Dungeon.
             The game lasted 00:00:48 (580 turns).

theanonym the Vexing (Mummy Enchanter)               Turns: 580, Time: 00:00:50

Health: 0/21       AC:  2    Str: 11    XL:     2   Next: 31%
Magic:  5/5        EV: 12    Int: 14    God:
Gold:   0          SH:  0    Dex: 12    Spells: 5/6 levels left

rFire    x . .     SeeInvis .   a - +1 dagger
rCold    + . .     Faith    .   (no shield)
rNeg     + + +     Spirit   .   b - +0 robe
rPois    ∞         Reflect  .   (no helmet)
rElec    .         Harm     .   (no cloak)
rCorr    .         Rampage  .   (no gloves)
Will     .....                  (no boots)
Stlth    ++........             (no amulet)
HPRegen  0.07/turn              (no ring)
MPRegen  0.09/turn              (no ring)

@: no status effects
A: cold resistance 1, negative energy resistance 3, torment resistance 2,
unbreathing 1, heat vulnerability 1, no potions
a: no special abilities


Innate Abilities, Weirdness & Mutations

You are immune to poison.
Your flesh is cold resistant. (rC+)
You are immune to negative energy. (rN+++)
You are immune to unholy pain and torment.
You can survive without breathing.
You are vulnerable to heat. (rF-)
You do not drink.


   Skills:
 - Level 1.2 Fighting
 - Level 0.7 Short Blades
 + Level 1.1 Maces & Flails
 - Level 1.5 Dodging
 - Level 2.4 Stealth
 - Level 2.6 Spellcasting
 - Level 2.6 Hexes


You had 5 spell levels left.
You knew the following spells:

 Your Spells              Type           Power      Damage    Failure   Level
a - Corona                Hex            10%        N/A       8%          1

Your spell library contained the following spells:

 Spells                   Type           Power      Damage    Failure   Level
 Ensorcelled Hibernation  Hex/Ice        10%        N/A       19%         2
 Confusing Touch          Hex            9%         N/A       22%         3
 Tukima's Dance           Hex            9%         N/A       22%         3
 Dazzling Flash           Conj/Hex       10%        N/A       36%         3

Skill      XL: |  1  2 |
---------------+-------+-----
Fighting       | 1 |  1.2
Maces & Flails | 1 |  1.1
Short Blades   | |  0.7
Dodging        | |  1.5
Stealth        | |  2.4
Spellcasting   | |  2.6
Hexes          | |  2.6

Action                   || total
-------------------------++-------
Melee: Dagger            ||    47
 Stab: Sleeping          ||     1
Armor: Robe              ||    13
Dodge: Dodged            ||    37

Inventory:

Hand Weapons
 a - a +1 dagger (weapon)
 c - a +0 club
Armour
 b - a +0 robe (worn)
Scrolls
 d - a scroll of identify {unknown}


You were on level 1 of the Dungeon.
You visited 1 branch of the dungeon, and saw 1 of its levels.

Dungeon Overview and Level Annotations

Branches:
Dungeon (1/15)

Altars:

############ #..........#
#..........# #....>.....#
####l.........#
#.@KK..........
..[....##g..........
.###### #...........
#..........# ###
###.#...#### #..
.##########..#....# ###.<
.......(..........###.#..
#..#####............#.###
.. #............#....


You could see a leopard gecko, a hobgoblin and 2 kobolds.

Notes
Turn   | Place    | Note
-------+----------+-------------------------------------------
     0 | D:1      | theanonym the Mummy Enchanter began the quest for the Orb.
     0 | D:1      | Reached XP level 1. HP: 13/13 MP: 4/4
    29 | D:1      | HP: 6/14 [hobgoblin/+0 club (4)]
    34 | D:1      | Reached skill level 1 in Fighting
   258 | D:1      | HP: 7/15 [bat (1)]
   264 | D:1      | HP: 7/15 [bat (1)]
   270 | D:1      | Reached XP level 2. HP: 10/21 MP: 5/5
   452 | D:1      | Reached skill level 1 in Maces & Flails
   572 | D:1      | HP: 9/21 [kobold/+0 short sword (3)]
   579 | D:1      | HP: 3/21 [kobold/+0 whip (3)]
   580 | D:1      | Slain by a kobold

Vanquished Creatures
  A dart slug (D:1)
  A leopard gecko (D:1)
  2 bats (D:1)
  A giant cockroach (D:1)
  A goblin (D:1)
  2 hobgoblins (D:1)
  A ball python (D:1)
  A kobold (D:1)
  A rat (D:1)
11 creatures vanquished.

Table legend: (Time is in decaauts)
 A = Elapsed time spent in this place.
 B = Non-inter-level travel time spent in this place.
 C = Inter-level travel time spent in this place.
 D = Time resting spent in this place.
 E = Time spent auto-exploring this place.
 F = Levels seen in this place.
 G = Mean time per level.
                   A        B        C        D        E       F      G
               +--------+--------+--------+--------+--------+-----+--------+
         Total |    578 |    578 |      0 |    385 |     67 |   1 |  578.0 |
       Dungeon |    578 |    578 |      0 |    385 |     67 |   1 |  578.0 |
               +--------+--------+--------+--------+--------+-----+--------+

Top non-repeatable levels by time:
     D:1: 578 daAuts
